 Dungeon Crawl Stone Soup version 0.29-a0-716-gf28ee254f9 (webtiles) character file.

Game seed: 10907569481870952986

4 Melanol the Grave Robber (level 1, 10/10 HPs)
             Began as a Vampire Necromancer on June 25, 2022.
             Quit the game on level 1 of the Dungeon on June 27, 2022.
             The game lasted 00:09:51 (252 turns).

Melanol the Grave Robber (Vampire Necromancer)       Turns: 252, Time: 00:09:52

Health: 10/10      AC:  2    Str:  7    XL:     1   Next: 50%
Magic:  3/3        EV: 12    Int: 17    God:
Gold:   7          SH:  0    Dex: 14    Spells: 3/4 levels left

rFire   . . .      SeeInvis +   d - +2 mace (venom)
rCold   + + .      Faith    .   (no shield)
rNeg    + + +      Spirit   .   a - +0 robe
rPois   ∞          Reflect  .   (no helmet)
rElec   .          Harm     .   (no cloak)
rCorr   .          Rampage  .   (no gloves)
Will    .....                   (no boots)
Stlth   ++++......              (no amulet)
HPRegen 0.03/turn               (no ring)
MPRegen 0.08/turn               (no ring)

@: bloodless
A: bloodless, fangs 3, see invisible, vampiric 1
a: Revivify


You were on level 1 of the Dungeon.
You visited 1 branch of the dungeon, and saw 1 of its levels.

You collected 7 gold pieces.

Inventory:

Hand Weapons
 c - a +0 trident
 d - a +2 mace of venom (weapon)
Armour
 a - a +0 robe (worn)
Potions
 b - a potion of magic


   Skills:
 + Level 2.3 Dodging
 + Level 3.0 Stealth
 + Level 2.0 Spellcasting
 + Level 4.5 Necromancy


You had 3 spell levels left.
You knew the following spells:

 Your Spells              Type           Power      Damage    Failure   Level
a - Necrotize             Necr           68%        1d7       3%          1

Your spell library contained the following spells:

 Spells                   Type           Power      Damage    Failure   Level
 Vampiric Draining        Necr           17%        2d7       9%          3
 Animate Dead             Necr           17%        N/A       30%         4
 Agony                    Necr           17%        N/A       63%         5


Dungeon Overview and Level Annotations

Branches:
Dungeon (1/15)

Altars:


Innate Abilities, Weirdness & Mutations

You do not regenerate when monsters are visible.
You are frail without blood (-20% HP).
You can heal yourself when you bite living creatures.
You are immune to poison.
You have razor-sharp teeth.
You have supernaturally acute eyesight. (SInv)
You are afflicted with vampirism.


Message History

You see here a +0 trident.
c - a +0 trident
There are no items here.
There are no items here.
Found a runed mace.
You see here a +2 mace of venom.
d - a +2 mace of venom Your +2 mace of venom begins to drip with poison!
d - a +2 mace of venom (weapon)
Found a mace.
Unknown command.
There is a stone staircase leading down here.
Unknown command.
Unknown command.
Unknown command.
There are no items here.
Unknown command.
Unknown command.
There is a stone staircase leading down here.
There is a stone staircase leading down here.
No target in view!
There is a stone staircase leading down here.
There is a stone staircase leading down here.
There is a stone staircase leading down here.
Welcome back, Melanol the Vampire Necromancer.
Press ? for a list of commands and other information.
Welcome back, Melanol the Vampire Necromancer.
Press ? for a list of commands and other information.
Welcome back, Melanol the Vampire Necromancer.
Press ? for a list of commands and other information.
Unknown command.
Unknown command.
You begin bloodletting.
You continue bloodletting. x5
HP restored.
You become bloodless.
Unknown command.
Saving game... please wait.
Welcome back, Melanol the Vampire Necromancer.
Press ? for a list of commands and other information.
Your magic is already full.
Are you sure you want to abandon this character and quit the game? (Confirm with "yes".)

##...###.## ##.....#...#
#..........# #.........###
###.......#...
............###### ## ###
.##..............# ##≈##≈##
.###.....#######>#
##≈♣≈≈P≈## .# #....## #@#
#≈♣8♣P8P≈# .#
#.#.#########.####≈♣..P.####
.#
#.............##..≈≈<......#
.#
###.########..####≈.....##.#
.#####.# #..# #≈P8..8P≈#.#
#......# #..# ##≈P≈≈P≈##.#
.##############..#
##≈##≈###.### .# #.........#
######.#.... .# #.####.####
##.###..


There were no monsters in sight!

Vanquished Creatures
  3 jackals (D:1)
  2 toadstools (D:1)
5 creatures vanquished.

Vanquished Creatures (others)
  2 plants (D:1)
  2 toadstools (D:1)
4 creatures vanquished.

Grand Total: 9 creatures vanquished

Notes
Turn   | Place    | Note
-------+----------+-------------------------------------------
     0 | D:1      | Melanol the Vampire Necromancer began the quest for the
                  | Orb.
     0 | D:1      | Reached XP level 1. HP: 13/13 MP: 3/3
   245 | D:1      | Upgraded the game from 0.29-a0-690-g32ab5fea29 to
                  | 0.29-a0-716-gf28ee254f9
   252 | D:1      | Quit the game

Illustrated notes

Levels and vault maps discovered:
D:1:      ldierk_walled_garden_2, layout_loops_ring, serial_shops, shop,
          dreamdust_ecumenical_altar_statues

Action                   || total
-------------------------++-------
Melee: Unarmed           ||    45
       Bite              ||     8
       Punch             ||     1
 Abil: Exsanguinate      ||     1
Armor: Robe              ||     3
Dodge: Dodged            ||    25

Table legend: (Time is in decaauts)
 A = Elapsed time spent in this place.
 B = Non-inter-level travel time spent in this place.
 C = Inter-level travel time spent in this place.
 D = Time resting spent in this place.
 E = Time spent auto-exploring this place.
 F = Levels seen in this place.
 G = Mean time per level.
                   A        B        C        D        E       F      G
               +--------+--------+--------+--------+--------+-----+--------+
         Total |    255 |    218 |     37 |      0 |      0 |   1 |  255.0 |
       Dungeon |    255 |    218 |     37 |      0 |      0 |   1 |  255.0 |
               +--------+--------+--------+--------+--------+-----+--------+

Top non-repeatable levels by time:
     D:1: 255 daAuts
